 Dungeon Crawl Stone Soup version 0.19.4-9-g45fd643 (webtiles) character file.

42 volk64 the Vexing (level 3, -6/25 HPs)
             Began as a Vampire Enchanter on Feb 22, 2017.
             Mangled by a gnoll
             ... wielding a +0 spear
              (9 damage)
             ... on level 2 of the Dungeon.
             The game lasted 00:05:30 (752 turns).

volk64 the Vexing (Vampire Enchanter)                Turns: 752, Time: 00:05:31

Health: -6/25      AC:  3    Str:  7    XL:     3   Next: 33%
Magic:  0/6        EV: 13    Int: 18    God:
Gold:   57         SH:  0    Dex: 14    Spells: 2 memorised, 3 levels left

rFire  . . .     SeeInvis +     a - +1 dagger
rCold  . . .     Gourm    .     b - +1 robe
rNeg   + . .     Faith    .     (no shield)
rPois  .         Spirit   .     (no helmet)
rElec  .         Reflect  .     (no cloak)
rCorr  .         Harm     .     (no gloves)
MR     .....                    (no boots)
Stlth  +++.......               (no amulet)
                                (no ring)
                                (no ring)

@: no status effects
A: fangs 3, see invisible, unbreathing
a: Bat Form


You were on level 2 of the Dungeon.
You were not thirsty.

You visited 1 branch of the dungeon, and saw 2 of its levels.

You collected 57 gold pieces.

Inventory:

Hand Weapons
 a - a +1 dagger (weapon)
Armour
 b - a +1 robe (worn)
Scrolls
 e - a scroll of fog
 f - a scroll of blinking
 g - a scroll of magic mapping {unknown}
 h - a scroll of identify
Potions
 d - 8 potions of blood
Books
 c - a book of Maledictions

   Spells                             Type                      Level
   a - Corona                         Hexes                        1
   b - Ensorcelled Hibernation        Hexes/Ice                    2
   c - Confuse                        Hexes                        3
   d - Tukima's Dance                 Hexes                        3
   e - Dazzling Spray                 Conjuration/Hexes            3


   Skills:
 + Level 0.3 Fighting
 + Level 1.3 Short Blades
 + Level 2.4 Dodging
 + Level 5.1 Stealth
 + Level 2.2 Spellcasting
 + Level 5.1 Hexes
 + Level 0.4 Ice Magic


You had 3 spell levels left.
You knew the following spells:

 Your Spells              Type           Power        Failure   Level  Hunger
a - Corona                Hex            ###....      1%          1    #......
b - Ensorcelled Hibernat  Hex/Ice        ##....       12%         2    ##.....


Dungeon Overview and Level Annotations

Branches:
Dungeon (2/15)

Altars:


Innate Abilities, Weirdness & Mutations

You have razor-sharp teeth.
You have supernaturally acute eyesight. (SInv)
You can survive without breathing.


Message History

You hit the gnoll. You bite the gnoll.
The gnoll is heavily wounded.
The gnoll barely misses you.
The gnoll hits you from afar with a spear!
A goblin comes into view. It is wielding a club.
You hit the gnoll.
The gnoll is almost dead.
The gnoll hits you but does no damage.
The gnoll hits you from afar with a spear.
Casting: Ensorcelled Hibernation
Confirm with . or Enter, or press ? or * to list all spells.
Aiming: Ensorcelled Hibernation
Press: ? - help, Shift-Dir - straight line, f - gnoll, p - gnoll
Aim: a gnoll, wielding a spear (chance to defeat MR: 50%)
The gnoll is unaffected.
The gnoll hits you with a spear.
The gnoll hits you from afar with a spear!
* * * LOW HITPOINT WARNING * * *
Unknown command.
The gnoll hits you from afar with a spear!
You die...

#.#.#...#.#.####..#####.#..##..#
..#...#...#......... #..#.....#
#...#.#.#...#....###. #....#..
#...#.#.#...#....# .#..#...r.#
..#...#...#....### ....###...#
#.#.#...#.#.#..# #.....# #..
##############.## #.....# .
#..######.[.# #..#.@.ggggr..#
##.########g..... #. ....g #.
.... #. ... #. #g ..


You could see 4 gnolls, a goblin and a rat.

Vanquished Creatures
  2 adders (D:2)
  A leopard gecko (D:1)
  3 bats (D:1)
  2 giant cockroaches (D:1)
  4 goblins (D:1)
  A hobgoblin (D:1)
  A kobold (D:1)
  5 frilled lizards (D:1)
  3 rats (D:1)
22 creatures vanquished.

Notes
Turn   | Place    | Note
-------+----------+-------------------------------------------
     0 | D:1      | volk64 the Vampire Enchanter began the quest for the Orb.
     0 | D:1      | Reached XP level 1. HP: 13/13 MP: 3/3
   181 | D:1      | Reached XP level 2. HP: 17/19 MP: 1/5
   194 | D:1      | Learned a level 2 spell: Ensorcelled Hibernation
   705 | D:2      | Reached skill level 5 in Stealth
   705 | D:2      | Reached skill level 5 in Hexes
   705 | D:2      | Reached XP level 3. HP: 25/25 MP: 6/6
   752 | D:2      | Mangled by a gnoll

Skill      XL: |  1  2 |
---------------+-------+-----
Stealth        | 5 |  5.1
Hexes          | 5 |  5.1
Fighting       | |  0.3
Short Blades   | |  1.3
Dodging        | |  2.4
Spellcasting   | |  2.2
Ice Magic      | |  0.4

Action                   || total
-------------------------++-------
Melee: Dagger            ||    41
       Bite              ||     1
 Cast: Corona            ||    11
       Ensorcelled Hiber ||     9
  Use: Scroll            ||     3
       Potion            ||     1
 Stab: Sleeping          ||    11
Armor: Robe              ||     9
Dodge: Dodged            ||    32
